 Dungeon Crawl Stone Soup version 0.21-a0-128-gf2b353c (webtiles) character file.

2871 Lianjan the Covert (level 9, -1/62 HPs)
             Began as a Vampire Enchanter on July 16, 2017.
             Was a Believer of Kikubaaqudgha.
             Killed by the air
             ... invoked by Gastronok
              (31 damage)
             ... on level 8 of the Dungeon.
             The game lasted 00:39:47 (13389 turns).

Lianjan the Covert (Vampire Enchanter)             Turns: 13389, Time: 00:39:48

Health: -1/62      AC: 10    Str:  7    XL:     9   Next: 47%
Magic:  12/14      EV: 10    Int: 20    God:    Kikubaaqudgha [**....]
Gold:   442        SH:  0    Dex: 15    Spells: 3/15 levels left

rFire    . . .     SeeInvis +   a - +2 rapier (venom)
rCold    . . .     Gourm    .   (no shield)
rNeg     + + .     Faith    .   f - +0 ring mail
rPois    .         Spirit   .   F - +1 helmet
rElec    .         Reflect  .   C - +0 cloak
rCorr    .         Harm     .   g - +0 pair of gloves
MR       .....                  l - +0 pair of boots
Stlth    ++++......             (no amulet)
HPRegen  0.20/turn              (no ring)
MPRegen  0.14/turn              O - ring of positive energy

@: very slightly contaminated
A: fangs 3, see invisible, unbreathing
a: Bat Form, Receive Corpses, Renounce Religion


You were on level 8 of the Dungeon.
You worshipped Kikubaaqudgha.
Kikubaaqudgha was pleased with you.
You were not thirsty.

You visited 2 branches of the dungeon, and saw 9 of its levels.

You collected 442 gold pieces.

Inventory:

Hand Weapons
 a - a +2 rapier of venom (weapon)
 b - a +0 hunting sling
Missiles
 m - 246 stones (quivered)
 q - 73 sling bullets
 t - 15 poisoned needles
 I - a throwing net
Armour
 f - a +0 ring mail (worn)
 g - a +0 pair of gloves (worn)
 l - a +0 pair of boots (worn)
 C - a +0 cloak (worn)
 F - a +1 helmet (worn)
Jewellery
 O - a ring of positive energy (right hand)
Wands
 x - a wand of acid (7/15)
 B - a wand of iceblast (9/15)
 M - a wand of digging (6/24)
Scrolls
 h - a scroll of enchant armour
 k - 4 scrolls of remove curse
 n - 3 scrolls of enchant weapon
 o - a scroll of magic mapping
 v - 4 scrolls of teleportation
Potions
 d - 2 potions of heal wounds
 e - 3 potions of mutation
 i - 2 potions of curing
 p - a potion of lignification
 r - 2 potions of might
 u - a potion of cancellation
 z - a potion of haste {unknown}
 E - 2 potions of ambrosia {unknown}
 G - 2 potions of brilliance {unknown}
 H - a potion of flight {unknown}
 J - a potion of berserk rage {unknown}
 L - 6 potions of blood
Books
 c - a book of Maledictions

   Spells                             Type                      Level
   a - Corona                         Hexes                        1
   b - Ensorcelled Hibernation        Hexes/Ice                    2
   c - Confuse                        Hexes                        3
   d - Tukima's Dance                 Hexes                        3
   e - Dazzling Spray                 Conjuration/Hexes            3
 D - Kikubaaqudgha's Grimoire of Evil
   (Kikubaaqudgha gifted it to you on level 5 of the Dungeon)

   Spells                             Type                      Level
   a - Pain                           Necromancy                   1
   b - Corpse Rot                     Necromancy                   2
   c - Sublimation of Blood           Necromancy                   2
   d - Vampiric Draining              Necromancy                   3
   e - Control Undead                 Necromancy                   4


   Skills:
 + Level 2.7 Fighting
 * Level 5.7 Short Blades
 - Level 1.0 Armour
 - Level 2.1 Dodging
 + Level 10.0 Stealth
 - Level 3.7 Spellcasting
 + Level 9.4 Hexes
 + Level 3.7 Necromancy
 - Level 6.0 Ice Magic


You had 3 spell levels left.
You knew the following spells:

 Your Spells              Type           Power        Failure   Level  Hunger
a - Corona                Hex            #####..      1%          1    None
b - Ensorcelled Hibernat  Hex/Ice        ####..       2%          2    ##.....
c - Confuse               Hex            #####...     2%          3    ###....
d - Tukima's Dance        Hex            #####...     2%          3    ###....
e - Dazzling Spray        Conj/Hex       ###...       19%         3    ###....


Dungeon Overview and Level Annotations

Branches:
Dungeon (8/15)             Temple (1/1) D:4
   Lair: D:8-11

Altars:
Ashenzari
Cheibriados
Dithmenos
Elyvilon
Fedhas
Gozag
Hepliaklqana
Kikubaaqudgha
Makhleb
Nemelex Xobeh
Okawaru
Qazlal
Ru
Sif Muna
Trog
Uskayaw
Vehumet
Wu Jian
Xom
Yredelemnul
Zin
The Shining One

Annotations:
D:6 exclusion: door, Okiemurse's ghost, novice HOMo
D:7 exclusion: electric eel
D:8 Gastronok


Innate Abilities, Weirdness & Mutations

You have razor-sharp teeth.
You have supernaturally acute eyesight. (SInv)
You can survive without breathing.


Message History

Kikubaaqudgha accepts your kill.
Your Stealth skill increases to level 10!
You feel a bit more experienced.
You hit Gastronok.
Gastronok looks as sick as possible!
Gastronok is moderately wounded.
Gastronok bites you!!
Ouch! That really hurt!
There is a stone staircase leading up here.
Evoke which item? (* to show all) (? for menu, Esc to quit)
Aiming: Iceblast (will waste charges)
Press: ? - help, Shift-Dir - straight line, f - Gastronok
Aim: Gastronok, wearing a hat (black smoke, moderately wounded, poisoned)
The mass of ice explodes!
The iceblast engulfs Gastronok.
Gastronok is heavily wounded.
Evoking this partially-identified wand wasted a few charges.
Gastronok waves his eye-stalks in wide circles.
The air twists around and strikes you!
Ouch! That really hurt!
You die...
Kikubaaqudgha rasps: "You have failed me!
Welcome... oblivion!"

#........# *,,
####...##..#******* *,,
..##...######,,,,,* *,,
............#,,,,,* *,,
............#,,,,,* *,,
..w.........#,,,,,* *,,
..##.####...#,,,,,*## *******,,
..##.#############..# *,,,,,,,,
.....'.......§§.@...# *,,,,,,,,
.....#......§§§§§...# *,,,,,,,,
.....#....§§§w§§§...# *,,,,,,,,
.....#....§§§§§.§...# *,,,,,,,,
...####...§§#####+###****,,,,,,,,
...####...§§**,,,,*,,,,,,,,,,,,,,
............,,,,,,*,,,,,,********
............,,,,,,*,,,,,,*,,,,,,*
.w........(5,,,,,,*,,,,,,*,,,,,,*


You could see Gastronok.

Vanquished Creatures
  Eustachio (D:6)
  A hungry ghost (D:6)
  A steam dragon (D:7)
  A soldier ant (D:8)
  A sky beast (D:7)
  3 orc warriors
  An ice beast (D:6)
  3 scorpions
  A water moccasin skeleton (D:6)
  2 electric eels (D:7)
  2 howler monkeys (D:7)
  3 crimson imps
  3 hounds
  8 orc priests
  A bullfrog skeleton (D:6)
  4 iguanas
  4 orc wizards
  6 worker ants
  Ijyb (D:4)
  A hound skeleton (D:4)
  A mummy (D:5)
  6 gnolls
  12 adders
  A howler monkey skeleton (D:7)
  2 shadow imps
  An ooze (D:1)
  2 adder skeletons
  An adder zombie (D:6)
  2 dart slugs
  7 leopard geckos
  39 orcs
  3 giant cockroaches
  6 goblins
  8 hobgoblins
  13 jackals
  8 kobolds
  4 quokkas
  7 bats
  6 frilled lizards
  A hobgoblin zombie (D:5)
  2 kobold zombies (D:5)
  A leopard gecko zombie (D:6)
  An orc zombie (D:5)
  5 rats
187 creatures vanquished.

Vanquished Creatures (collateral kills)
  2 orc warriors (D:8)
  2 ogres
  A bullfrog (D:8)
  3 wights (D:6)
  A crimson imp (D:8)
  An orc priest (D:6)
  A worker ant (D:8)
  A gnoll (D:8)
  6 orcs
18 creatures vanquished.

Vanquished Creatures (others)
  4 dancing weapons
4 creatures vanquished.

Grand Total: 209 creatures vanquished

Notes
Turn   | Place    | Note
-------+----------+-------------------------------------------
     0 | D:1      | Lianjan the Vampire Enchanter began the quest for the Orb.
     0 | D:1      | Reached XP level 1. HP: 13/13 MP: 3/3
   103 | D:1      | Reached XP level 2. HP: 19/19 MP: 5/5
   121 | D:1      | Learned a level 2 spell: Ensorcelled Hibernation
   387 | D:1      | Reached skill level 1 in Ice Magic
   714 | D:1      | Reached XP level 3. HP: 24/24 MP: 6/6
   726 | D:1      | Learned a level 3 spell: Confuse
  1224 | D:2      | Reached skill level 5 in Hexes
  1491 | D:2      | Reached skill level 5 in Stealth
  1491 | D:2      | Reached XP level 4. HP: 25/30 MP: 4/7
  1605 | D:2      | Found an iron altar of Okawaru.
  2820 | D:3      | Reached XP level 5. HP: 27/35 MP: 0/9
  3445 | D:3      | Reached skill level 6 in Stealth
  3517 | D:3      | Noticed an orc warrior
  3536 | D:3      | Killed an orc warrior
  3544 | D:3      | Reached XP level 6. HP: 24/41 MP: 2/10
  5297 | D:4      | Noticed Ijyb
  5335 | D:4      | Killed Ijyb
  5382 | D:4      | Reached XP level 7. HP: 46/46 MP: 9/12
  5432 | D:4      | Found a staircase to the Ecumenical Temple.
  5438 | D:4      | Reached skill level 7 in Stealth
  5451 | Temple   | Entered the Ecumenical Temple
  5463 | Temple   | Became a worshipper of Kikubaaqudgha
  5814 | D:4      | Learned a level 3 spell: Tukima's Dance
  5818 | D:4      | Learned a level 3 spell: Dazzling Spray
  6307 | D:5      | Entered Level 5 of the Dungeon
  6361 | D:4      | Reached skill level 5 in Ice Magic
  6962 | D:5      | Reached * piety under Kikubaaqudgha
  6962 | D:5      | Identified Kikubaaqudgha's Grimoire of Evil (Kikubaaqudgha gifted it to you on level 5 of the Dungeon)
  6962 | D:5      | Received a gift from Kikubaaqudgha
  7033 | D:5      | Reached skill level 8 in Stealth
  7332 | D:5      | Reached XP level 8. HP: 17/52 MP: 4/13
  8126 | D:6      | Noticed Okiemurse's ghost (novice HOMo)
  8867 | D:6      | Reached skill level 1 in Armour
  9572 | D:6      | Noticed Eustachio
  9660 | D:5      | Reached skill level 1 in Necromancy
  9853 | D:5      | Reached skill level 1 in Fighting
 10569 | D:6      | Killed Eustachio
 10569 | D:6      | Reached skill level 9 in Stealth
 11240 | D:6      | Reached ** piety under Kikubaaqudgha
 11254 | D:6      | Reached XP level 9. HP: 61/61 MP: 2/14
 12091 | D:7      | Reached skill level 5 in Short Blades
 13179 | D:8      | Noticed Gastronok
 13383 | D:8      | Reached skill level 10 in Stealth
 13389 | D:8      | Killed from afar by Gastronok

Vault maps used:
D:1:      matt_arrival_grand_opening
D:2:      nicolae_overflow_crystal_walls, serial_bayou_lake_a
D:3:      first_bread
D:4:      minmay_temple_entry_junction, uniq_ijyb
D:5:      minmay_mini_ossuary
D:6:      eino_tiny_chamber, uniq_eustachio
D:7:      nicolae_water_bricks, grunt_ogre_cave
D:8:      sigmund_army, uniq_gastronok
Temple:   nicolae_temple_the_god_donut

Skill      XL: |  1  2  3  4  5  6  7  8  9 |
---------------+----------------------------+-----
Ice Magic      | 1 2 3 4 5 6 |  6.0
Hexes          | 5 6 7 8 9 |  9.4
Stealth        | 5 6 8 9 10 | 10.0
Spellcasting   | 3 |  3.7
Short Blades   | 4 5 |  5.7
Armour         | 1 |  1.0
Necromancy     | 2 3 |  3.7
Fighting       | 1 2 |  2.7
Dodging        | |  2.1

Action                   |  1- 3 |  4- 6 |  7- 9 || total
-------------------------+-------+-------+-------++-------
Melee: Dagger            |    55 |       |       ||    55
       Bite              |     6 |     7 |    30 ||    43
       Short sword       |    12 |   140 |   332 ||   484
       Rapier            |       |       |    16 ||    16
       Unarmed           |       |       |     1 ||     1
 Fire: Hunting sling     |       |    19 |    14 ||    33
 Cast: Ensorcelled Hiber |    20 |    67 |    74 ||   161
       Confuse           |       |     4 |    35 ||    39
       Tukima's Dance    |       |       |    30 ||    30
 Abil: End Transformatio |       |     3 |    10 ||    13
       Bat Form          |       |     3 |    10 ||    13
Evoke: Wand              |       |       |     2 ||     2
  Use: Potion            |       |     7 |     8 ||    15
       Scroll            |       |       |    17 ||    17
 Stab: Sleeping          |    22 |    39 |    54 ||   115
       Distracted        |     1 |     1 |       ||     2
       Confused          |       |       |    12 ||    12
  Eat: Corpse            |       |       |     7 ||     7
Armor: Robe              |     1 |       |       ||     1
       Ring mail         |    19 |    41 |   117 ||   177
Dodge: Dodged            |    28 |    71 |   207 ||   306
